 Dungeon Crawl Stone Soup version 0.18.1-48-g4cf74bf (webtiles) character file.

88 Gargoyl the Skirmisher (level 4, -2/36 HPs)
             Began as a Demonspawn Abyssal Knight on Sept 6, 2016.
             Was a Believer of Lugonu.
             Slain by Sigmund
             ... wielding a +0 scythe
              (6 damage)
             ... on level 2 of the Dungeon.
             The game lasted 00:03:41 (2315 turns).

Gargoyl the Skirmisher (Demonspawn Abyssal Knight)  Turns: 2315, Time: 00:03:42

Health: -2/36      AC:  6    Str: 13    XL:     4   Next: 29%
Magic:  6/6        EV:  9    Int: 18    God:    Lugonu [**....]
Gold:   83         SH:  0    Dex: 13    Spells: 0 memorised, 3 levels left

rFire  . . .     SeeInvis +     a - +1 hand axe
rCold  . . .     Gourm    .     t - +0 scale mail
rNeg   . . .     Faith    .     (no shield)
rPois  +         Spirit   .     (no helmet)
rElec  .         Dismiss  .     (no cloak)
rCorr  .         Reflect  .     (no gloves)
SustAt .         Harm     .     (no boots)
MR     .....                    (no amulet)
Stlth  ..........               p - ring of see invisible
                                f - ring of poison resistance

@: brilliant, not resistant to hostile enchantments, extremely unstealthy
A: hooves 1
a: Depart the Abyss, Bend Space, Renounce Religion


You were on level 2 of the Dungeon.
You worshipped Lugonu.
Lugonu was pleased with you.
You were hungry.

You visited 1 branch of the dungeon, and saw 2 of its levels.
You visited the Abyss 1 time.

You collected 83 gold pieces.

Inventory:

Hand Weapons
 a - a +1 hand axe (weapon)
Missiles
 i - 2 tomahawks (quivered)
Armour
 t - a +0 scale mail (worn)
Jewellery
 f - a ring of poison resistance (left hand)
 p - a ring of see invisible (right hand)
Wands
 n - a wand of slowing (21/48)
Scrolls
 e - a scroll of recharging {unknown}
 g - a scroll of amnesia {unknown}
 j - a scroll of fog {unknown}
 k - 2 scrolls of identify {unknown}
 r - a scroll of magic mapping {unknown}
 s - a scroll of enchant weapon {unknown}
Comestibles
 c - 2 bread rations
 h - 5 meat rations


   Skills:
 + Level 3.6 Fighting
 + Level 2.1 Axes
 * Level 2.9 Armour
 + Level 1.3 Dodging
 + Level 0.6 Stealth
 + Level 2.7 Invocations


You had 3 spell levels left.
You didn't know any spells.

Dungeon Overview and Level Annotations

Branches:
Dungeon (2/15)

Altars:

Annotations:
D:2 Sigmund


Innate Abilities, Weirdness & Mutations

You have large cloven feet.


Message History

Okay, then.
You hit Sigmund. You kick Sigmund, but do no damage.
Sigmund is heavily wounded.
Sigmund points at you and mumbles some strange words.
The puff of flame hits you!
You closely miss Sigmund.
Sigmund is heavily wounded.
Sigmund barely misses you.
You slash Sigmund!
Sigmund is severely wounded.
Sigmund closely misses you.
You barely miss Sigmund.
Sigmund is severely wounded.
Sigmund gestures at you while chanting. The puff of flame hits you!
* * * LOW HITPOINT WARNING * * *
You hit Sigmund. You kick Sigmund, but do no damage.
Sigmund is almost dead.
Sigmund hits you with a scythe.
You die...

......................
..............?........#
.......................#
.......##.##...........#
.÷...#.# .......#....#.#
....##.# #.............#
....##.###.##..........#
....##.##......@.......#
.....#.......#..@.......
>....####...##.†........
.....## #...##.......(..
......# #....#..........
..#.#.# #..†.#####[####[
###...###.....# .#
###..##...#....... .
#####......(######.....
......##...#######.....


You could see Sigmund (invisible).

Vanquished Creatures
  3 adders (D:2)
  2 dart slugs (D:2)
  3 giant geckos
  3 giant cockroaches
  5 goblins
  2 hobgoblins
  8 jackals (D:1)
  9 bats
  4 giant newts
  10 kobolds
  6 rats
55 creatures vanquished.

Notes
Turn   | Place    | Note
--------------------------------------------------------------
     0 | Abyss:1  | Gargoyl the Demonspawn Abyssal Knight began the quest for the Orb.
     0 | Abyss:1  | Reached XP level 1. HP: 18/18 MP: 2/2
    78 | Abyss:1  | Noticed a death drake
    78 | Abyss:1  | Noticed an iron imp
   105 | Abyss:1  | Noticed a worldbinder
   107 | Abyss:1  | Noticed a worldbinder
   108 | Abyss:1  | Noticed a siren
   108 | Abyss:1  | Noticed a manticore
   108 | Abyss:1  | Noticed a merfolk
   109 | D:1      | Escaped the Abyss
   463 | D:1      | Gained mutation: You have large cloven feet. [demonic ancestry]
   463 | D:1      | Reached XP level 2. HP: 22/24 MP: 4/4
   482 | D:1      | Reached * piety under Lugonu
   524 | D:1      | Reached skill level 1 in Dodging
   799 | D:1      | Reached XP level 3. HP: 17/29 MP: 5/5
  1660 | D:2      | Reached ** piety under Lugonu
  2042 | D:2      | Reached XP level 4. HP: 26/36 MP: 6/6
  2280 | D:2      | Noticed Sigmund
  2315 | D:2      | Slain by Sigmund

Skill      XL: |  1  2  3 |
---------------+----------+-----
Armour         | 2 |  2.9
Dodging        | 1 |  1.3
Axes           | 2 |  2.1
Fighting       | |  3.6
Stealth        | |  0.6
Invocations    | |  2.7

Action                   |  1- 3 |  4- 6 || total
-------------------------+-------+-------++-------
Melee: Hand axe          |   135 |    39 ||   174
       Kick              |    18 |     7 ||    25
Invok: Depart the Abyss  |     1 |       ||     1
  Use: Potion            |       |     6 ||     6
  Eat: Chunk             |     4 |       ||     4
Armor: Ring mail         |    68 |     5 ||    73
       Scale mail        |       |    25 ||    25
Dodge: Dodged            |   106 |    35 ||   141
